 Dungeon Crawl Stone Soup version 0.22.1-2-g9c5b331 (webtiles) character file.

895 Monzz the Chopper (level 8, -1/68 HPs)
             Began as a Hill Orc Monk on Dec 16, 2018.
             Was a Priest of Beogh.
             Slain by a slave (2 damage)
             ... led by Pikel
             ... on level 6 of the Dungeon.
             The game lasted 00:16:23 (5864 turns).

Monzz the Chopper (Hill Orc Monk)                   Turns: 5864, Time: 00:16:24

Health: -1/68      AC: 15    Str: 16    XL:     8   Next: 6%
Magic:  10/10      EV:  6    Int: 10    God:    Beogh [***...]
Gold:   323        SH:  0    Dex: 13    Spells: 7/7 levels left

rFire    . . .     SeeInvis .   g - +1 whip (elec)
rCold    . . .     Gourm    .   (no shield)
rNeg     . . .     Faith    +   q - +0 plate armour
rPois    .         Spirit   .   p - +1 helmet
rElec    .         Reflect  .   (no cloak)
rCorr    .         Harm     .   w - +0 pair of gloves
MR       .....                  (no boots)
Stlth    ..........             l - amulet of faith
HPRegen  0.21/turn              (no ring)
MPRegen  0.12/turn              (no ring)

@: about to teleport
A: no striking features
a: Smiting, Renounce Religion


You were on level 6 of the Dungeon.
You worshipped Beogh.
Beogh was most pleased with you.
You were hungry.

You visited 1 branch of the dungeon, and saw 6 of its levels.

You collected 323 gold pieces.

Inventory:

Hand Weapons
 a - a +0 hand axe
 g - a +1 whip of electrocution (weapon)
 t - a +0 fustibalus
Armour
 p - a +1 helmet (worn)
 q - a +0 plate armour (worn)
 w - a +0 pair of gloves (worn)
Jewellery
 l - an amulet of faith (around neck)
Wands
 b - a wand of iceblast (10)
Scrolls
 e - a scroll of identify
 i - 2 scrolls of enchant armour
 k - 3 scrolls of remove curse
 n - a scroll of teleportation
Potions
 d - 2 potions of brilliance
 f - a potion of haste {unknown}
 j - 2 potions of mutation {unknown}
 o - a potion of agility {unknown}
 r - a potion of ambrosia
 u - a potion of might
 v - a potion of resistance
 z - a potion of invisibility {unknown}
Comestibles
 c - 14 rations
 h - 5 chunks of flesh


   Skills:
 + Level 5.3 Fighting
 - Level 5.3(6.3) Axes
 + Level 4.0(5.0) Maces & Flails
 * Level 5.1 Armour
 + Level 3.2 Dodging
 + Level 2.3 Stealth
 * Level 3.8 Invocations


You had 7 spell levels left.
You didn't know any spells.
Your spell library contained the following spells:

 Spells                   Type           Power        Failure   Level  Hunger
 Confusing Touch          Hex            #.....       100%        1    ##.....
 Confuse                  Hex            #.......     100%        3    ####...
 Gell's Gravitas          Tloc           #.........   100%        3    ####...
 Petrify                  Tmut/Erth      #.......     100%        4    #####..
 Metabolic Englaciation   Hex/Ice        #.........   100%        5    ######.
 Yara's Violent Unravell  Hex/Tmut       #.........   100%        5    ######.


Dungeon Overview and Level Annotations

Branches:
Dungeon (6/15)             Temple (0/1) D:5

Altars:
Makhleb
Qazlal
Xom
The Shining One

Annotations:
D:6 2 transporters, Killmatronix's ghost, novice MiIE; Pikel


Message History

* * * LOW HITPOINT WARNING * * *
As you read the scroll of teleportation, it crumbles to dust.
You feel strangely unstable. The slave barely misses you.
Pikel hits you but does no damage. The slave closely misses you.
The slave hits you.
* * * LOW HITPOINT WARNING * * *
You are feeling hungry.
You closely miss Pikel.
Pikel is moderately wounded.
The slave hits you.
* * * LOW HITPOINT WARNING * * *
Pikel hits you but does no damage.
You hit Pikel but do no damage.
Pikel is moderately wounded.
The slave hits you but does no damage. x2; The slave hits you!
* * * LOW HITPOINT WARNING * * *
You closely miss Pikel.
Pikel is moderately wounded.
Pikel hits you but does no damage. The slave hits you.
You die...

........# #.........
........########.........
^.......##....##.........
..?.....'†....##.........
........##....##.........
........##....##..)......
####....##....##p[.......
...............ppK.......
.......#####.###@p.......
)).....# #.. ##########
.......# ##.. .......####
.. ..........# ..
...###....# ...# #....#
†..###....# ÷..'.'†...#


You could see Pikel and 4 slaves.

Vanquished Creatures
  A sky beast (D:5)
  A centaur (D:6)
  3 bullfrogs (D:6)
  A scorpion (D:5)
  2 howler monkeys
  4 orc wizards
  An orc priest (D:5)
  Crazy Yiuf (D:3)
  2 worker ants
  An iguana (D:4)
  A hound skeleton (D:4)
  4 adders
  A worm (D:2)
  2 dart slugs
  A leopard gecko (D:6)
  15 orcs
  5 bats
  2 giant cockroaches
  8 goblins
  4 hobgoblins
  A jackal (D:6)
  8 kobolds
  3 quokkas
  5 frilled lizards
  A leopard gecko skeleton (D:5)
  6 rats
84 creatures vanquished.

Vanquished Creatures (collateral kills)
  A crimson imp (D:6)
  A hound (D:6)
  2 orcs (D:6)
4 creatures vanquished.

Vanquished Creatures (others)
  An adder (D:2)
  3 orcs
  A hobgoblin (D:2)
  5 toadstools (D:6)
10 creatures vanquished.

Grand Total: 98 creatures vanquished

Notes
Turn   | Place    | Note
-------+----------+-------------------------------------------
     0 | D:1      | Monzz the Hill Orc Monk began the quest for the Orb.
     0 | D:1      | Reached XP level 1. HP: 19/19 MP: 1/1
   355 | D:1      | Reached XP level 2. HP: 27/27 MP: 2/2
   965 | D:2      | Became a worshipper of Beogh the Brigand
   965 | D:2      | Reached * piety under Beogh
   965 | D:2      | Reached ** piety under Beogh
  1007 | D:2      | Found a glowing golden altar of the Shining One.
  1033 | D:2      | Reached XP level 3. HP: 29/33 MP: 3/3
  1151 | D:2      | Reached skill level 5 in Axes
  1151 | D:2      | Reached XP level 4. HP: 17/41 MP: 4/4
  2060 | D:3      | Found a runed door.
  2281 | D:3      | Reached skill level 1 in Armour
  2281 | D:3      | Reached XP level 5. HP: 15/47 MP: 5/5
  2352 | D:3      | Reached skill level 1 in Invocations
  2942 | D:3      | Noticed Crazy Yiuf
  2961 | D:3      | Killed Crazy Yiuf
  3279 | D:4      | Found a stormy altar of Qazlal.
  3285 | D:4      | Found a burning altar of Makhleb.
  3290 | D:4      | Found a shimmering altar of Xom.
  3573 | D:4      | Reached XP level 6. HP: 49/53 MP: 7/7
  4218 | D:4      | You fall through a shaft!
  4218 | D:5      | Entered Level 5 of the Dungeon
  4600 | D:5      | Noticed a sky beast
  4853 | D:5      | Found a staircase to the Ecumenical Temple.
  4869 | D:5      | Reached skill level 1 in Maces & Flails
  5049 | D:5      | Noticed a sky beast
  5083 | D:5      | Killed a sky beast
  5083 | D:5      | Reached skill level 5 in Fighting
  5083 | D:5      | Reached XP level 7. HP: 43/61 MP: 8/8
  5413 | D:5      | Reached *** piety under Beogh
  5625 | D:6      | Found a transporter.
  5628 | D:6      | Noticed Killmatronix's ghost (novice MiIE)
  5630 | D:6      | Noticed a slime creature
  5732 | D:6      | Found a transporter.
  5765 | D:6      | Reached skill level 5 in Armour
  5773 | D:6      | Reached XP level 8. HP: 57/68 MP: 10/10
  5841 | D:6      | Noticed Pikel
  5863 | D:6      | HP: 1/68 [slave[Pikel] (7)]
  5864 | D:6      | Slain by a slave

Skill      XL: |  1  2  3  4  5  6  7  8 |
---------------+-------------------------+-----
Fighting       | 4 5 |  5.3
Axes           | 5 |  5.3
Dodging        | 3 |  3.2
Stealth        | 2 |  2.3
Armour         | 1 2 4 5 |  5.1
Invocations    | 1 2 3 |  3.8
Maces & Flails | 2 3 4 |  4.0

Action                   |  1- 3 |  4- 6 |  7- 9 || total
-------------------------+-------+-------+-------++-------
Melee: Hand axe          |    78 |   116 |       ||   194
       Whip              |       |   155 |    76 ||   231
Invok: Convert to Beogh  |     1 |       |       ||     1
Evoke: Wand              |       |       |     1 ||     1
  Use: Scroll            |       |     7 |     6 ||    13
       Potion            |       |     2 |       ||     2
 Stab: Sleeping          |     2 |       |       ||     2
  Eat: Chunk             |       |     9 |     3 ||    12
       Ration            |       |     1 |       ||     1
Armor: Robe              |    13 |     1 |       ||    14
       Leather armour    |       |     4 |       ||     4
       Ring mail         |       |     3 |       ||     3
       Plate armour      |       |   111 |    88 ||   199
Dodge: Dodged            |    57 |    61 |    34 ||   152
